Map: Frost LE

Players

llllllllllll - Winner!

  • Race: Protoss Protoss
  • League: Platinum

TheJOKER

  • Race: Zerg Zerg
  • League: Platinum

VOD

Have the link to the VOD?

Description

Time

  • Played on: June 26, 2016, 4:40 p.m.
  • Length: 11:36
Show
View Real Time Build Order
Export as new Build Order

llllllllllll Protoss - Winner!

Build Orders: 1 Gate Expand 

Get SALT Encoding   

  12  0:01  Probe (Chrono Boost)  
  13  0:11  Probe (Chrono Boost)  
  14  0:22  Probe (Chrono Boost)  
  15  0:28  Pylon  
  15  0:46  Probe (Chrono Boost)  
  16  0:52  Gateway  
  16  0:54  Assimilator  
  16  0:57  Probe (Chrono Boost), Assimilator  
  17  1:08  Probe (Chrono Boost)  
  18  1:18  Probe (Chrono Boost)  
  19  1:29  Probe (Chrono Boost)  
  20  1:39  Probe (Chrono Boost)  
  21  1:43  Nexus  
  21  1:50  Probe (Chrono Boost)  
  22  2:00  Cybernetics Core  
  22  2:11  Pylon  
  22  2:24  Probe (Chrono Boost)  
  23  2:32  Forge  
  23  2:35  Probe (Chrono Boost)  
  24  2:39  Assimilator  
  24  2:45  Probe (Chrono Boost)  
  24  2:48  Stalker  
  27  2:56  Probe x2 (Chrono Boost)  
  29  3:07  Probe x2 (Chrono Boost)  
  31  3:19  Probe x2 (Chrono Boost)  
  33  3:22  Assimilator  
  33  3:23  Pylon  
  33  3:29  Probe x2 (Chrono Boost)  
  35  3:36  Pylon  
  35  3:38  Pylon  
  35  3:42  Probe x2 (Chrono Boost)  
  37  3:53  Mothership Core (Chrono Boost)  
  39  3:56  Stargate  
  39  4:05  Stargate  
  39  4:07  Stargate  
  39  4:09  Stargate  
  39  4:16  Pylon  
  39  4:17  Probe (Chrono Boost)  
  39  4:18  Probe (Chrono Boost)  
  41  4:29  Probe (Chrono Boost), Pylon  
  42  4:38  Photon Cannon  
  42  4:42  Photon Cannon  
  42  4:47  Photon Cannon  
  42  4:54  Photon Cannon  
  42  5:04  Void Ray  
  46  5:21  Void Ray  
  50  5:38  Void Ray  
  51  5:47  Void Ray  
  55  6:04  Void Ray  
  58  6:05  Probe (Chrono Boost)  
  59  6:18  Probe (Chrono Boost)  
  60  6:20  Void Ray  
  60  6:23  Probe (Chrono Boost)  
  65  6:28  Probe (Chrono Boost)  
  66  6:34  Probe (Chrono Boost)  
  61  7:37  Void Ray x3  
  61  8:20  Void Ray x2 (Chrono Boost)  
  61  8:22  Void Ray (Chrono Boost)  
  69  8:30  Nexus  
  69  8:32  Pylon  
  65  8:41  Probe (Chrono Boost)  
  66  8:46  Mothership Core (Chrono Boost)  
  70  8:59  Zealot  
  70  9:02  Void Ray x2 (Chrono Boost)  
  78  9:05  Pylon  
  78  9:08  Pylon  
  78  9:09  Void Ray (Chrono Boost)  
  82  9:22  Photon Cannon  
  82  9:23  Photon Cannon  
  82  9:25  Photon Cannon  
  82  9:26  Zealot  
  82  9:28  Probe  
  82  9:30  Assimilator  
  82  9:31  Probe  
  86  9:32  Assimilator  
  86  9:39  Void Ray x2 (Chrono Boost)  
  86  9:41  Probe  
  86  9:43  Probe  
  96  9:52  Void Ray (Chrono Boost)  
  100  9:53  Probe  
  100  9:54  Zealot  
  103  10:16  Void Ray (Chrono Boost)  
  103  10:21  Void Ray (Chrono Boost), Zealot  
  113  10:35  Void Ray (Chrono Boost)  
  117  10:48  Zealot  
  117  10:49  Pylon  
  119  10:53  Nexus, Void Ray (Chrono Boost), Pylon  
  123  11:03  Pylon  
  123  11:04  Pylon  
  123  11:06  Pylon  
Show
View Real Time Build Order
Export as new Build Order

TheJOKER Zerg 

Build Orders: Hatch First 

Get SALT Encoding   

  12  0:01  Drone  
  13  0:13  Overlord  
  13  0:28  Drone  
  14  0:36  Drone x2  
  16  0:49  Drone  
  17  0:57  Drone  
  17  0:58  Hatchery  
  17  1:01  Drone  
  18  1:15  Spawning Pool  
  17  1:22  Drone  
  17  1:23  Drone  
  19  1:44  Extractor  
  18  1:49  Drone  
  18  1:52  Drone  
  20  2:00  Overlord  
  20  2:06  Spine Crawler  
  20  2:07  Drone  
  20  2:09  Queen  
  20  2:14  Drone  
  23  2:19  Queen, Evolution Chamber  
  23  2:21  Drone x2  
  26  2:26  Drone  
  27  2:34  Drone  
  28  2:37  Drone  
  29  2:48  Drone  
  30  2:52  Drone  
  30  2:55  Roach Warren  
  30  2:56  Drone  
  30  2:57  Extractor  
  30  2:59  Extractor  
  30  3:00  Drone  
  30  3:01  Extractor  
  30  3:04  Drone  
  30  3:10  Drone  
  32  3:15  Overlord  
  32  3:20  Overlord  
  32  3:26  Zerg Missile Weapons Level 1  
  32  3:33  Drone  
  33  3:40  Roach  
  33  3:41  Roach x2  
  39  3:45  Roach  
  39  3:46  Roach  
  43  3:50  Roach  
  43  3:54  Roach  
  47  3:58  Roach  
  47  4:00  Roach  
  47  4:02  Overlord x2  
  51  4:03  Overlord  
  51  4:04  Overlord  
  51  4:19  Overlord x2  
  51  4:41  Lair  
  51  4:43  Drone  
  52  4:49  Hatchery  
  52  4:52  Spore Crawler  
  48  5:26  Ravager  
  32  6:05  Drone x12  
  32  6:06  Drone x3, Queen  
  32  6:07  Queen  
  32  6:10  Queen  
  53  6:15  Spire  
  53  6:16  Extractor  
  51  6:22  Drone x2, Spore Crawler  
  51  6:23  Zerg Ground Armor Level 1  
  53  6:33  Spore Crawler  
  53  6:43  Queen  
  53  6:45  Spore Crawler  
  56  6:57  Queen  
  56  6:59  Spore Crawler x2  
  51  7:19  Queen  
  50  7:31  Corruptor x5  
  50  7:36  Overlord  
  50  7:37  Overlord x3  
  60  7:42  Metabolic Boost  
  60  7:55  Queen  
  58  8:21  Hatchery  
  55  8:31  Overlord x3  
  53  8:56  Zerg Melee Weapons Level 1  
  53  9:07  Hatchery  
  52  9:22  Drone x3  
  55  9:33  Drone x3  
  58  9:44  Zergling x10  
  63  9:52  Queen x2  
  67  10:16  Extractor  
  67  10:17  Extractor  
  65  10:23  Corruptor  
  67  10:31  Overlord x2  
  67  10:49  Drone, Queen  
  72  10:50  Drone x2  
  72  10:52  Corruptor  
  72  10:54  Corruptor  
Tags
 
Add a new tag
Caveats
  • Supply blocks, unpowered buildings, or Contaminate may cause inaccurate times.
  • Supply counts are checked every 10 seconds.